Map: Glittering Ashes LE

Players

LiquidMaNa (MaNa)

  • Race: Protoss Protoss

DPGrogue (Rogue) - Winner!

  • Race: Zerg Zerg

Event: TSL 8

VOD

Have the link to the VOD?

Description

Time

  • Played on: Nov. 27, 2021, 9:05 a.m.
  • Length: 13:47

All games in this series

Show
View Real Time Build Order
Export as new Build Order

LiquidMaNa Protoss 

Build Orders: 1 Gate Expand, Oracle Opening, Carriers 

Get SALT Encoding   

  12  0:00  Probe  
  13  0:12  Probe  
  14  0:19  Pylon  
  14  0:24  Probe  
  15  0:37  Probe (Chrono Boost)  
  15  0:41  Gateway  
  16  0:46  Probe (Chrono Boost)  
  17  0:51  Assimilator  
  17  0:53  Probe (Chrono Boost)  
  18  1:05  Probe (Chrono Boost)  
  19  1:14  Probe (Chrono Boost)  
  20  1:21  Probe  
  21  1:31  Nexus  
  21  1:41  Cybernetics Core  
  21  1:44  Probe  
  22  1:50  Assimilator  
  22  1:56  Pylon  
  22  1:58  Probe  
  23  2:14  Probe (Chrono Boost)  
  24  2:18  Stargate  
  24  2:22  Stalker  
  26  2:26  Probe (Chrono Boost)  
  27  2:31  Warp Gate  
  27  2:34  Probe (Chrono Boost)  
  28  2:42  Probe  
  28  2:43  Probe  
  30  2:52  Adept  
  30  2:54  Probe  
  30  2:55  Probe  
  34  3:01  Oracle (Chrono Boost)  
  37  3:06  Probe  
  37  3:07  Probe  
  37  3:08  Pylon  
  39  3:13  Gateway  
  39  3:18  Probe  
  39  3:19  Probe  
  41  3:25  Adept  
  43  3:31  Probe x2  
  43  3:33  Oracle (Chrono Boost)  
  45  3:36  Assimilator  
  48  3:43  Probe  
  48  3:44  Probe  
  50  3:48  Assimilator, Pylon  
  50  3:55  Probe  
  51  3:56  Probe  
  51  4:01  Void Ray  
  52  4:08  Probe x2  
  58  4:20  Probe x2  
  58  4:23  Nexus  
  60  4:33  Probe x2 (Chrono Boost)  
  60  4:35  Stargate  
  62  4:43  Robotics Facility  
  62  4:48  Pylon  
  62  4:50  Protoss Air Weapons Level 1  
  62  4:57  Pylon  
  62  4:59  Pylon  
  62  5:00  Void Ray  
  62  5:06  Probe x2  
  68  5:12  Shield Battery  
  68  5:15  Void Ray  
  68  5:18  Probe x2 (Chrono Boost)  
  74  5:27  Pylon  
  76  5:30  Probe x2 (Chrono Boost)  
  76  5:31  Observer, Robotics Bay  
  76  5:33  Assimilator  
  76  5:34  Probe x2 (Chrono Boost)  
  77  5:37  Assimilator  
  77  5:38  Probe  
  77  5:40  Void Ray  
  80  5:45  Probe  
  85  5:53  Probe  
  86  5:58  Pylon  
  86  6:00  Void Ray, Probe x2  
  88  6:09  Probe  
  93  6:12  Probe x2  
  93  6:13  Pylon  
  93  6:17  Void Ray, Disruptor (Chrono Boost)  
  95  6:22  Probe  
  95  6:23  Pylon  
  95  6:24  Probe  
  104  6:38  Probe  
  104  6:39  Probe  
  106  6:44  Forge  
  103  6:50  Fleet Beacon, Stargate  
  103  6:55  Zealot x2  
  103  6:57  Probe x2  
  103  6:58  Disruptor  
  103  7:00  Probe  
  113  7:12  Shield Battery  
  113  7:13  Probe x2, Shield Battery  
  115  7:18  Probe  
  115  7:21  Photon Cannon  
  116  7:23  Photon Cannon  
  116  7:27  Photon Cannon, Nexus  
  116  7:28  Pylon  
  116  7:32  Photon Cannon  
  116  7:33  Phoenix x2  
  116  7:35  Anion Pulse-Crystals  
  120  7:38  Phoenix  
  122  7:44  Photon Cannon  
  122  7:48  Shield Battery  
  122  7:52  Shield Battery  
  122  7:56  Zealot x2  
  125  8:08  Twilight Council  
  125  8:10  Probe x3  
  128  8:17  Observer  
  128  8:26  Carrier x2 (Chrono Boost)  
  128  8:33  Pylon  
  140  8:34  Pylon  
  140  8:35  Pylon  
  140  8:37  Carrier (Chrono Boost)  
  140  8:38  Photon Cannon  
  146  8:45  Photon Cannon  
  145  8:49  Templar Archives  
  145  8:54  Zealot x2  
  149  8:56  Photon Cannon  
  149  8:58  Shield Battery  
  149  9:00  Probe  
  150  9:05  Photon Cannon  
  150  9:08  Photon Cannon  
  150  9:09  Flux Vanes  
  150  9:12  Photon Cannon  
  150  9:17  Photon Cannon x2  
  150  9:19  Shield Battery  
  150  9:28  Cybernetics Core, High Templar x2  
  154  9:32  Cybernetics Core, Gateway  
  154  9:36  Archon  
  154  9:44  Pylon  
  145  10:01  High Templar x2  
  145  10:05  Archon  
  115  10:26  Gateway  
  101  10:29  Gateway  
  101  10:31  Gateway  
  101  10:34  Stalker x2  
  103  10:37  Assimilator  
  103  10:39  Assimilator  
  103  10:49  Nexus  
  103  10:54  Photon Cannon  
  103  10:57  Photon Cannon, Carrier (Chrono Boost)  
  103  10:58  High Templar x2  
  103  11:03  Stargate  
  113  11:05  Archon  
  113  11:08  Stargate  
  113  11:10  Probe x2  
  113  11:11  Stargate  
  115  11:13  Probe  
  116  11:22  Probe x2  
  116  11:25  Probe  
  119  11:30  High Templar x3  
  119  11:31  High Templar  
  127  11:34  Protoss Air Armor Level 1  
  127  11:36  Stalker  
  129  11:51  Pylon  
  129  11:55  Carrier x2 (Chrono Boost)  
  129  11:58  Nexus  
  140  12:09  Templar Archives  
  140  12:10  Zealot  
  140  12:15  Immortal  
  144  12:34  Robotics Facility x2  
  144  12:37  Photon Cannon  
  144  12:39  Photon Cannon  
  144  12:44  Carrier (Chrono Boost)  
  144  12:45  Carrier (Chrono Boost)  
  162  13:06  Zealot x5  
Show
View Real Time Build Order
Export as new Build Order

DPGrogue Zerg - Winner!

Build Orders: Hatch First, Brood Lord Corruptor 

Get SALT Encoding   

  12  0:00  Drone  
  13  0:12  Overlord  
  13  0:17  Drone  
  14  0:30  Drone  
  15  0:43  Drone x2  
  17  0:51  Hatchery  
  17  0:54  Drone  
  17  0:59  Drone  
  18  1:09  Extractor  
  17  1:14  Spawning Pool  
  17  1:18  Drone  
  17  1:20  Drone  
  18  1:28  Drone  
  19  1:38  Drone  
  20  1:49  Overlord  
  20  2:03  Zergling x2, Queen  
  20  2:04  Zergling x2  
  20  2:05  Queen  
  26  2:10  Drone  
  26  2:14  Metabolic Boost  
  27  2:16  Drone  
  27  2:22  Drone  
  29  2:26  Drone  
  30  2:33  Drone  
  31  2:40  Drone  
  31  2:41  Hatchery  
  31  2:47  Queen  
  31  2:50  Overlord  
  33  2:55  Drone  
  33  2:56  Drone  
  35  3:02  Drone  
  36  3:11  Drone  
  36  3:12  Drone x4  
  41  3:15  Queen  
  41  3:19  Overlord  
  43  3:21  Drone  
  43  3:25  Spore Crawler  
  43  3:28  Drone  
  44  3:34  Overlord  
  44  3:39  Drone  
  44  3:40  Drone, Spore Crawler  
  46  3:41  Drone  
  46  3:47  Queen  
  48  3:52  Drone x4  
  52  3:57  Queen  
  54  4:05  Drone x5  
  54  4:07  Drone  
  54  4:09  Overlord  
  59  4:13  Drone x2  
  61  4:18  Spore Crawler  
  61  4:21  Overlord  
  61  4:23  Zergling x2  
  61  4:29  Drone x4  
  65  4:33  Drone x2  
  65  4:36  Drone x2  
  68  4:38  Lair  
  68  4:42  Drone  
  68  4:45  Extractor  
  68  4:50  Roach Warren  
  68  4:51  Drone x3  
  70  4:55  Queen  
  70  4:58  Drone, Extractor  
  70  4:59  Drone x2, Extractor  
  72  5:00  Drone x2  
  72  5:05  Queen  
  72  5:06  Extractor  
  75  5:07  Extractor  
  75  5:10  Overlord x2  
  75  5:12  Overlord x2  
  74  5:19  Overlord  
  74  5:23  Overlord  
  74  5:28  Evolution Chamber  
  74  5:29  Drone x8  
  81  5:39  Drone x5  
  86  5:44  Hatchery  
  86  5:46  Glial Reconstitution  
  84  5:50  Pneumatized Carapace  
  84  5:51  Overseer  
  84  5:56  Zerg Missile Weapons Level 1, Queen  
  86  6:02  Zergling x4  
  86  6:03  Zergling x10  
  93  6:09  Queen  
  95  6:15  Overlord  
  95  6:16  Drone  
  95  6:17  Drone x4  
  95  6:18  Drone x2  
  102  6:21  Overlord  
  102  6:27  Drone x2  
  102  6:32  Queen  
  104  6:33  Queen  
  104  6:34  Drone x2  
  108  6:43  Drone, Overseer, Spire  
  108  6:44  Drone x4, Queen  
  114  6:51  Extractor  
  114  6:52  Extractor  
  111  6:54  Zergling x2  
  111  6:56  Queen  
  114  7:02  Drone x2  
  114  7:03  Overlord x2  
  114  7:06  Overlord  
  116  7:11  Drone  
  116  7:13  Infestation Pit  
  117  7:24  Overlord  
  117  7:32  Hatchery, Queen  
  118  7:48  Drone  
  118  7:50  Hive  
  117  7:55  Corruptor x14  
  145  8:05  Corruptor x4  
  146  8:08  Zerg Flyer Weapons Level 1  
  151  8:14  Overlord  
  151  8:17  Corruptor x3  
  157  8:22  Overlord  
  157  8:30  Corruptor  
  157  8:32  Overlord x3  
  159  8:39  Corruptor  
  159  8:40  Corruptor x3  
  167  8:52  Extractor x2  
  167  8:54  Corruptor x4  
  171  9:03  Corruptor x3  
  171  9:08  Drone x2  
  171  9:09  Drone  
  179  9:11  Corruptor  
  179  9:12  Corruptor  
  179  9:17  Zergling x14  
  190  9:25  Corruptor x3  
  190  9:29  Zergling x2  
  197  9:33  Zerg Missile Weapons Level 2  
  197  9:36  Roach  
  197  9:45  Roach x3  
  197  9:46  Roach  
  194  10:13  Queen x3  
  180  10:17  Roach x9  
  188  10:27  Greater Spire  
  182  10:29  Roach x7  
  196  10:41  Overlord  
  192  10:42  Overlord  
  192  10:46  Overlord  
  190  10:53  Overlord  
  190  10:55  Roach x3  
  196  11:19  Spine Crawler  
  196  11:21  Spine Crawler  
  196  11:23  Spine Crawler  
  196  11:24  Spine Crawler  
  196  11:25  Spine Crawler  
  191  11:34  Pathogen Glands  
  191  11:37  Spire  
  190  11:47  Brood Lord x4  
  190  11:48  Overseer x3  
  198  12:05  Brood Lord  
  198  12:13  Brood Lord  
  198  12:14  Spire  
  176  12:23  Brood Lord x3  
  176  12:29  Corruptor x9  
  201  13:05  Overlord  
Tags
 
Add a new tag
Caveats
  • Supply blocks, unpowered buildings, or Contaminate may cause inaccurate times.
  • Supply counts are checked every 10 seconds.